 Dungeon Crawl Stone Soup version 0.21-a0-260-g9b2435e (webtiles) character file.

86 vladimirx the Skirmisher (level 4, -2/38 HPs)
             Began as a Gnoll Abyssal Knight on Sept 8, 2017.
             Was a Believer of Lugonu.
             Slain by a gnoll
             ... wielding a +0 flail
              (7 damage)
             ... on level 3 of the Dungeon.
             The game lasted 00:03:50 (2225 turns).

vladimirx the Skirmisher (Gnoll Abyssal Knight)     Turns: 2225, Time: 00:03:51

Health: -2/38      AC:  5    Str:  7    XL:     4   Next: 50%
Magic:  0/6        EV:  2    Int:  7    God:    Lugonu [**....]
Gold:   172        SH:  2    Dex:  7    Spells: 3/3 levels left

rFire    . . .     SeeInvis .   a - +1 mace
rCold    . . .     Gourm    .   p - +0 buckler
rNeg     . . .     Faith    .   n - +0 chain mail
rPois    .         Spirit   +   (no helmet)
rElec    .         Reflect  .   (no cloak)
rCorr    .         Harm     .   (no gloves)
MR       .....                  (no boots)
Stlth    ..........             k - amulet of guardian spirit
HPRegen  0.12/turn              (no ring)
MPRegen  0.10/turn              (no ring)

@: brilliant
A: unchanging attributes, fangs 1, hooves 2, deformed body, subdued magic 1,
strong nose
a: Depart the Abyss, Bend Space, Renounce Religion


You were on level 3 of the Dungeon.
You worshipped Lugonu.
Lugonu was pleased with you.
You were not hungry.

You visited 1 branch of the dungeon, and saw 3 of its levels.
You visited the Abyss 1 time.

You collected 172 gold pieces.

Inventory:

Hand Weapons
 a - a +1 mace (weapon)
Missiles
 e - 111 stones (quivered)
 o - 27 bolts
Armour
 b - a +0 leather armour
 n - a +0 chain mail (worn)
 p - a +0 buckler (worn)
Jewellery
 k - an amulet of guardian spirit (around neck)
Scrolls
 d - a scroll of remove curse
 j - a scroll of noise {unknown}
 m - a scroll of enchant weapon {unknown}
Comestibles
 c - 4 bread rations
 h - a chunk of flesh
 l - 2 fruits


   Skills:
 + Level 4.9 Fighting
 + Level 4.6 Maces & Flails
 * Level 3.3 Armour
 - Level 1.5 Dodging
 * Level 0.3 Shields
 - Level 2.7 Invocations


You had 3 spell levels left.
You didn't know any spells.

Dungeon Overview and Level Annotations

Branches:
Dungeon (3/15)

Altars:
Elyvilon
Gozag
Vehumet
Xom

Annotations:
D:3 Jessica


Innate Abilities, Weirdness & Mutations

Your physical attributes are unchanging.
You have very sharp teeth.
Your uncanny sense of smell can sniff out nearby items.
You have hoof-like feet.
Armour fits poorly on your strangely shaped body.
Your spells are a little easier to cast, but a little less powerful.


Message History

You're too confused!
You feel sick.
You are no longer poisoned.
The goblin hits you.
* * * LOW HITPOINT WARNING * * *
The gnoll hits you with a flail!
* * * LOW HITPOINT WARNING * * *
The goblin hits you but does no damage.
Unknown command.
Unknown command.
Unknown command.
The goblin hits you but does no damage. The gnoll hits you with a flail!
* * * LOW HITPOINT WARNING * * *
Jessica gestures wildly while chanting.
Jessica blinks!
You feel less invigorated.
You feel less confused. The goblin hits you. The gnoll hits you with a flail.
The goblin hits you but does no damage. The gnoll hits you with a flail!
You die...

##############
#<......÷.)..#######
.##(.rgg...g§......
♣♣...######r#######
♣.rg..# #g#
...........# #g#
.........♣..# #@#
........g♣♣..##g#
.......... ...#g#
........... ..#g#
..####..... ..#g# .#
##..... ..> #### ###
#... ### #.K.##.<
#...#...


You could see 3 gnolls, a hobgoblin, 3 goblins and a rat.

Vanquished Creatures
  3 adders
  An ooze (D:1)
  A worm (D:2)
  A dart slug (D:1)
  An orc (D:3)
  5 giant cockroaches
  6 goblins
  6 hobgoblins
  8 kobolds
  7 bats
  2 frilled lizards (D:1)
  5 rats
46 creatures vanquished.

Notes
Turn   | Place    | Note
-------+----------+-------------------------------------------
     0 | Abyss:1  | vladimirx the Gnoll Abyssal Knight began the quest for the Orb.
     0 | Abyss:1  | Reached XP level 1. HP: 19/19 MP: 2/2
    86 | Abyss:1  | Noticed a starcursed mass
   118 | Abyss:1  | Noticed a small abomination
   144 | Abyss:1  | Noticed a wretched star
   145 | D:1      | Escaped the Abyss
   248 | D:1      | Reached XP level 2. HP: 14/26 MP: 3/3
   415 | D:1      | Reached * piety under Lugonu
   674 | D:1      | Reached XP level 3. HP: 28/31 MP: 5/5
  1183 | D:2      | Found an opulent altar of Gozag.
  1739 | D:2      | Reached XP level 4. HP: 24/38 MP: 6/6
  1898 | D:2      | Found a radiant altar of Vehumet.
  1991 | D:2      | Found a shimmering altar of Xom.
  1992 | D:2      | Found a shimmering altar of Xom.
  1993 | D:2      | Found a shimmering altar of Xom.
  1994 | D:2      | Found a shimmering altar of Xom.
  1994 | D:2      | Found a shimmering altar of Xom.
  2051 | D:2      | Found a white marble altar of Elyvilon.
  2206 | D:3      | Noticed Jessica
  2208 | D:3      | Reached ** piety under Lugonu
  2216 | D:3      | Gained mutation: Armour fits poorly on your strangely shaped body. [potion of mutation]
  2216 | D:3      | Gained mutation: Your spells are a little easier to cast, but a little less powerful. [potion of mutation]
  2216 | D:3      | Gained mutation: You have large cloven feet. [potion of mutation]
  2216 | D:3      | Gained mutation: You have hoof-like feet. [potion of mutation]
  2222 | D:3      | HP: 1/38 [gnoll/flail (7)]
  2225 | D:3      | Slain by a gnoll

Vault maps used:
D:1:      dpeg_arrival_rhombi, minmay_misc_feat_chi
D:2:      lemuel_doored_altar, fiery_altar_vehumet,
          nicolae_overflow_hidden_temple, grunt_gozag_breadcrumbs,
          xom_redecorated, first_bread, minmay_misc_feat_four_crosses,
          kennysheep_boxes
D:3:      hangedman_ru_absence, kennysheep_decorative_pillar,
          grunt_ministairs_6, minmay_cut_off, uniq_natasha, uniq_jessica

Skill      XL: |  1  2  3 |
---------------+----------+-----
Maces & Flails | 3 4 |  4.6
Armour         | 3 |  3.3
Fighting       | |  4.9
Dodging        | |  1.5
Shields        | |  0.3
Invocations    | |  2.7

Action                   |  1- 3 |  4- 6 || total
-------------------------+-------+-------++-------
Melee: Mace              |   144 |    44 ||   188
       Bite              |     2 |     2 ||     4
Invok: Depart the Abyss  |     1 |       ||     1
  Use: Scroll            |       |     3 ||     3
       Potion            |       |     3 ||     3
  Eat: Chunk             |     3 |     1 ||     4
Armor: Leather armour    |    53 |       ||    53
       Chain mail        |    33 |    41 ||    74
Dodge: Dodged            |    65 |     8 ||    73
Block: Buckler           |       |     5 ||     5

Table legend:
 A = Spawn XP
 B = Non-spawn XP
 C = Spawn XP percentage of total XP
 D = Spawn monster count
 E = Non-spawn monster count
 F = Spawn count percentage of total count
 G = Total turns spent on level
                    A         B        C        D         E        F      G
               +---------+---------+-------+---------+---------+-------+---------
         Total |       0 |     124 |   0.0 |       0 |      46 |   0.0 |  2225
               +---------+---------+-------+---------+---------+-------+---------
           D:1 |       0 |      55 |   0.0 |       0 |      29 |   0.0 |  1333
           D:2 |       0 |      45 |   0.0 |       0 |      11 |   0.0 |   605
           D:3 |       0 |      24 |   0.0 |       0 |       6 |   0.0 |   142
               +---------+---------+-------+---------+---------+-------+---------
